AoeStats
← LuchoPai

MegaRandom

504320309Analyzed
4v4 RM · 26d ago on Sep 4, 2026· 51m 52s· 8 players
Game mode
Random Map
Map size
Large (8 player)
Population
200
Speed
Normal
Resources
Standard
Victory
Conquest
Starting age
Dark Age
Ending age
Imperial Age
RankedLock teamsTeams togetherTeam positionsShared explorationLock speedFull tech treeHidden civsTurbo modeCheats
Victory
Defeat
🇨🇱 Malay · Chile
932
+25
🇨🇱 Burgundians · Chile
886
+16
831
+19
🇨🇱 Huns · Chile
803
+20
🇩🇪 Khmer · Germany
1002
-22
🇪🇸 Slavs · Spain
908
-18
🇩🇪 Mongols · Germany
840
-15
🇩🇪 Britons · Germany
817
-14
DlWolf
11:34 Feudal Age
14:48 Loom
17:13 Castle Age
16:05 Double-Bit Axe
16:04 Horse Collar
19:24 Bow Saw
27:16 Imperial Age
26:04 Wheelbarrow
25:45 Scale Barding Armor
26:52 Chain Barding Armor
27:04 Caravan
28:21 Hand Cart
28:47 Plate Barding Armor
29:05 Bloodlines
30:27 Forging
31:32 Conscription
32:16 Marauders
34:08 Elite Tarkan
35:24 Masonry
35:23 Husbandry
37:35 Iron Casting
41:47 Blast Furnace
ricardorodriguez2978
0:35 Loom
12:53 Feudal Age
14:06 Town Watch
14:57 Wheelbarrow
21:35 Horse Collar
25:13 Castle Age
23:12 Double-Bit Axe
26:20 Heavy Plow
26:57 Town Patrol
27:13 Hand Cart
30:18 Fervor
30:52 Bow Saw
36:25 Imperial Age
36:32 Chemistry
35:53 Ballistics
35:14 Treadmill Crane
35:46 Caravan
38:03 Wagenburg Tactics
39:17 Two-Man Saw
39:00 Elite Hussite Wagon
40:04 Conscription
40:58 Siege Engineers
40:51 Murder Holes
41:48 Fletching
42:38 Arrowslits
42:57 Padded Archer Armor
42:52 Bodkin Arrow
44:06 Masonry
44:20 Guilds
44:33 Leather Archer Armor
44:18 Bracer
44:34 Fortified Wall
45:28 Architecture
45:59 Ring Archer Armor
47:05 Houfnice
48:11 Scale Barding Armor
48:07 Scale Mail Armor
48:17 Forging
49:50 Sappers
52:10 Chain Mail Armor
52:31 Iron Casting
52:17 Chain Barding Armor
52:01 Squires
51:46 Arson
cruzadometalero
2:34 Loom
2:40 Loom
6:42 Double-Bit Axe
11:25 Feudal Age
12:34 Bow Saw
15:08 Horse Collar
20:30 Castle Age
20:50 Gold Mining
20:52 Stone Mining
24:37 Medium Warships
27:29 Imperial Age
27:28 Wheelbarrow
27:02 Heavy Plow
30:39 Chemistry
29:42 Padded Archer Armor
29:33 Fletching
29:50 Town Watch
30:10 Murder Holes
34:25 Hand Cart
34:43 Crop Rotation
35:22 Two-Man Saw
35:00 Crop Rotation
37:13 Leather Archer Armor
40:26 Elite Cannon Galleon
43:03 Burgundian Vineyards
43:23 Conscription
43:45 Cavalier
44:43 Forging
44:39 Scale Barding Armor
46:00 Paladin
46:41 Husbandry
47:13 Chain Barding Armor
47:29 Iron Casting
LuchoPai
12:32 Loom
14:17 Feudal Age
19:16 Castle Age
32:58 Husbandry
34:11 Gold Mining
34:08 Double-Bit Axe
38:21 Bow Saw
37:53 Crossbowman
39:25 Wheelbarrow
39:58 Thumb Ring
43:09 Imperial Age
40:36 Pikeman
44:23 Elite Battle Elephant
51:29 Hand Cart
TheL4TinZ9
9:17 Feudal Age
18:16 Castle Age
19:00 Horse Collar
19:07 Double-Bit Axe
18:46 Crossbowman
22:46 Bow Saw
24:53 Heavy Plow
26:20 Gold Mining
30:59 Imperial Age
29:13 Fletching
29:55 Bodkin Arrow
31:17 Arbalester
32:59 Wheelbarrow
33:13 Bracer
34:50 Padded Archer Armor
35:48 Gold Shaft Mining
36:08 Ballistics
36:42 Leather Archer Armor
39:08 Yeomen
40:21 Chemistry
43:11 Ring Archer Armor
43:38 Pikeman
45:32 Halberdier
Traurische David
6:59 Loom
9:31 Feudal Age
14:25 Castle Age
13:31 Double-Bit Axe
15:14 Horse Collar
24:48 Bow Saw
25:15 Heavy Plow
26:02 Gold Mining
26:05 Stone Mining
30:07 Imperial Age
27:52 Town Watch
28:43 Wheelbarrow
28:52 Town Patrol
29:05 Forging
29:01 Scale Barding Armor
28:57 Padded Archer Armor
31:04 Iron Casting
31:21 Chain Barding Armor
31:26 Conscription
31:06 Double Crossbow
31:49 Hand Cart
34:42 Blast Furnace
34:18 Plate Barding Armor
34:36 Bloodlines
34:30 Husbandry
35:19 Elite Battle Elephant
36:18 Tusk Swords
35:59 Light Cavalry
36:43 Elite Ballista Elephant
38:27 Crop Rotation
39:33 Ballistics
40:13 Chemistry
39:31 Leather Archer Armor
44:19 Caravan
49:43 Hussar
51:20 Ring Archer Armor
50:41 Fletching
farid_bang-92
11:34 Feudal Age
12:23 Double-Bit Axe
13:17 Fishing Lines
16:40 Loom
21:37 Castle Age
20:05 Scale Barding Armor
20:11 Forging
19:52 Horse Collar
21:47 Fletching
22:38 Bow Saw
24:42 Town Watch
25:33 Wheelbarrow
27:24 Bodkin Arrow
27:52 Heavy Plow
29:59 Hand Cart
30:04 Husbandry
30:15 Bloodlines
30:14 Gillnets
36:03 Imperial Age
33:42 Caravan
35:22 Chain Barding Armor
35:38 Iron Casting
36:28 Elite Mangudai
37:19 Nomads
37:41 Drill
38:20 Hoardings
39:11 Chemistry
38:07 Murder Holes
38:25 Masonry
38:19 Onager
39:49 Ballistics
39:35 Siege Engineers
44:22 Elite Mangudai
45:42 Hoardings
44:59 Pikeman
45:39 Squires
46:46 Blast Furnace
45:47 Bracer
45:50 Scale Mail Armor
46:11 Nomads
46:31 Drill
MMURIEL
0:50 Loom
10:59 Feudal Age
12:17 Wheelbarrow
11:29 Double-Bit Axe
11:27 Horse Collar
19:41 Castle Age
20:30 Man-at-Arms
21:24 Bloodlines
24:59 Bow Saw
24:59 Pikeman
29:06 Hand Cart
30:56 Heavy Plow
36:24 Fortified Wall
38:54 Imperial Age
36:56 Detinets
37:32 Squires
38:34 Stone Mining
39:56 Caravan
41:07 Two-Man Saw
40:43 Crop Rotation
40:22 Light Cavalry
41:02 Husbandry
42:49 Conscription
44:06 Gold Mining
43:54 Elite Boyar
47:38 Chemistry
46:51 Masonry
48:17 Hoardings
47:08 Halberdier
47:11 Capped Ram
47:15 Hussar
49:26 Scale Barding Armor
49:32 Forging
51:19 Chain Barding Armor
51:35 Iron Casting
Connection lost

Rejoining the realm…

Still unreachable

The connection could not be restored.

Session expired

The server has moved on; the page needs a fresh start.